 Dungeon Crawl Stone Soup version 0.30.1-4-g462c640d31 (webtiles) character file.

Game seed: 17083150462466641046

196 rvierbuc the Conjurer (level 5, 0/41 HPs)
             Began as a Demigod Conjurer on Aug 21, 2023.
             Succumbed to Sigmund's poison
             ... on level 2 of the Dungeon.
             The game lasted 00:05:04 (2023 turns).

rvierbuc the Conjurer (Demigod Conjurer)            Turns: 2023, Time: 00:05:05

Health: 0/41       AC:  2    Str:  8    XL:     5   Next: 21%
Magic:  2/11       EV: 12    Int: 24    God:
Gold:   43         SH:  0    Dex: 12    Spells: 6/9 levels left

rFire   . . .        (no weapon)
rCold   . . .        (no shield)
rNeg    . . .        a - +0 robe
rPois   .            (no helmet)
rElec   .            (no cloak)
rCorr   .            (no gloves)
SInv    .            (no boots)
Will    .....        (no amulet)
Stlth   ++           (no ring)
HPRegen 0.26/turn    (no ring)
MPRegen 0.12/turn

%: no passive effects
@: lethally poisoned (0 -> -3), hasted, very quick
A: high MP 1, forlorn, divine attributes
a: no special abilities


You were on level 2 of the Dungeon.
You visited 1 branch of the dungeon, and saw 2 of its levels.

You collected 43 gold pieces.

Inventory:

Missiles
 h - 2 javelins
Armour
 a - a +0 robe (worn)
Scrolls
 c - 4 scrolls of identify {unknown}
 d - 2 scrolls of butterflies {unknown}
 e - a scroll of enchant armour {unknown}
 f - 4 scrolls of immolation {unknown}
 i - a scroll of poison {unknown}
Potions
 b - a potion of magic


   Skills:
 * Level 1.6 Fighting
 + Level 2.1 Dodging
 + Level 2.2 Stealth
 + Level 2.7 Spellcasting
 + Level 5.0 Conjurations


You had 6 spell levels left.
You knew the following spells:

 Your Spells              Type           Power      Damage    Failure   Level
a - Magic Dart            Conj           100%       1d8       1%          1
b - Searing Ray           Conj           54%        2d6       2%          2

Your spell library contained the following spells:

 Spells                   Type           Power      Damage    Failure   Level
 Dazzling Flash           Conj/Hex       30%        N/A       12%         3
 Fulminant Prism          Conj/Hex       7%         3d7       36%         4
 Iskenderun's Mystic Bla  Conj/Tloc      15%        2d5       36%         4


Dungeon Overview and Level Annotations

Branches:
Dungeon (2/15)


Innate Abilities, Weirdness & Mutations

You have an increased reservoir of magic. (+10% MP)
You shall have no god before yourself.
Your divine heritage dramatically boosts your attributes as you level up.


Message History

The searing ray hits the rat!
You kill the rat!
The searing ray hits Sigmund.
Sigmund is severely wounded. (Press . to maintain the ray.)
* * * LOW HITPOINT WARNING * * *
You feel sick. Sigmund closely misses you.
The searing ray hits Sigmund!
Sigmund is almost dead.
* * * LOW HITPOINT WARNING * * *
You feel sick.
The searing ray hits Sigmund.
You kill Sigmund!
* * * LOW HITPOINT WARNING * * *
You feel sick.
Your Fighting skill increases to level 1!
Your Dodging skill increases to level 2!
Your Conjurations skill increases to level 5!
You have reached level 4!
You have reached level 5!
Okay, then.
Found a pearl ring.
* * * LOW HITPOINT WARNING * * *
You feel sick.
You see here a rat corpse.
* * * LOW HITPOINT WARNING * * *
You feel sick.
Things that are here:
a +1 scythe of venom; a +0 robe
* * * LOW HITPOINT WARNING * * *
You feel sick.
You see here a scroll labelled QAHENAPTETA.
c - 4 scrolls labelled QAHENAPTETA (gained 1)
* * * LOW HITPOINT WARNING * * *
You feel sick.
Okay, then.
* * * LOW HITPOINT WARNING * * *
You feel sick.
There is a lethal amount of poison in your body!
You die...

#+# #.#.#.#.# #
#.#### #.#.....# #
#....# #.....# #
#....####...# #
#.......†)..# #
#.....###...#
######.###.###..##
##................##
.........##.####@..#
..<.....#..........#
.............#.#.###
........#.##.#.#=#
........+.# # #.#
.......[# # #.#
##+###+#.. #.# .#
#..


There were no monsters in sight!

Vanquished Creatures
  Sigmund (D:2)
  A worm (D:2)
  2 dart slugs
  5 bats (D:1)
  4 endoplasms
  4 giant cockroaches
  A goblin (D:1)
  4 hobgoblins
  2 quokkas
  4 ball pythons
  A frilled lizard (D:2)
  4 kobolds (D:1)
  7 rats
40 creatures vanquished.

Notes
Turn   | Place    | Note
-------+----------+-------------------------------------------
     0 | D:1      | rvierbuc the Demigod Conjurer began the quest for the Orb.
     0 | D:1      | Reached XP level 1. HP: 14/14 MP: 5/5
   300 | D:1      | Reached XP level 2. HP: 22/22 MP: 4/7
   437 | D:1      | Reached skill level 4 in Conjurations
   537 | D:1      | Learned a level 2 spell: Searing Ray
  1442 | D:2      | Reached XP level 3. HP: 27/27 MP: 5/8
  2005 | D:2      | Noticed Sigmund
  2016 | D:2      | Killed Sigmund
  2017 | D:2      | Reached skill level 1 in Fighting
  2017 | D:2      | Reached skill level 5 in Conjurations
  2017 | D:2      | Reached XP level 4. HP: 4/36 MP: 2/10
  2017 | D:2      | Reached XP level 5. HP: 5/41 MP: 2/11
  2019 | D:2      | HP: 2/41 [poisoned by Sigmund]
  2023 | D:2      | Succumbed to Sigmund's poison

Illustrated notes

Levels and vault maps discovered:
D:1:      matt_arrival_los_fun, layout_basic
D:2:      layout_basic, uniq_sigmund

Skill      XL: |  1  2  3 |
---------------+----------+-----
Conjurations   | 4 5 |  5.0
Stealth        | 2 |  2.2
Spellcasting   | 2 |  2.7
Fighting       | 1 |  1.6
Dodging        | 2 |  2.1

Action                     |  1- 3 |  4- 6 || total
---------------------------+-------+-------++-------
  Melee: Unarmed           |     3 |       ||     3
         Punch             |     1 |       ||     1
   Cast: Magic Dart        |    80 |       ||    80
         Searing Ray       |     5 |       ||     5
    Use: Potion            |     1 |       ||     1
 Armour: Robe              |     3 |       ||     3
  Dodge: Dodged            |     9 |       ||     9
